 Dungeon Crawl Stone Soup version 0.26-a0-415-g2a9615731a (webtiles) character file.

Game seed: 6572882916205794302

4351 MrRokkomies the Reanimator (level 9, -3/80 HPs)
             Began as a Demigod Necromancer on July 25, 2020.
             Slain by a two-headed ogre
             ... wielding a +0 giant spiked club
              (17 damage)
             ... on level 9 of the Dungeon.
             The game lasted 00:49:11 (13966 turns).

MrRokkomies the Reanimator (Demigod Necromancer)   Turns: 13966, Time: 00:49:11

Health: -3/80      AC: 11    Str: 15    XL:     9   Next: 88%
Magic:  14/14      EV: 14    Int: 23    God:
Gold:   1394       SH:  5    Dex: 18    Spells: 0/11 levels left

rFire    + . .     SeeInvis +   a - +2 spear (venom)
rCold    + + .     Faith    .   z - +0 buckler
rNeg     + . .     Spirit   .   u - +1 ring mail {MR+}
rPois    .         Reflect  .   M - +2 helmet {SInv}
rElec    .         Harm     .   h - scarf {rC+ rF+}
rCorr    .                      y - +0 pair of gloves
MR       ++...                  q - +0 pair of boots
Stlth    ++........             (no amulet)
HPRegen  0.23/turn              E - ring of stealth
MPRegen  0.14/turn              L - ring of Modesty {+Fly rC+ rN+ MR+}

@: no status effects
A: talons 1, agile 1, high mp 1, strong 1
a: Evoke Flight


You were on level 9 of the Dungeon.
You visited 1 branch of the dungeon, and saw 9 of its levels.
You also visited: Ossuary and Bailey.

You collected 1394 gold pieces.

Inventory:

Hand Weapons
 a - a +2 spear of venom (weapon)
 b - a +2 hunting sling of flaming
Missiles
 o - 5 javelins
 B - 45 sling bullets
 H - 7 poisoned darts (quivered)
 K - 8 throwing nets
Armour
 h - a scarf of resistance (worn)
 q - a +0 pair of boots (worn)
 u - a +1 ring mail of magic resistance (worn)
 v - a +4 chain mail of fire resistance
 y - a +0 pair of gloves (worn)
 z - a +0 buckler (worn)
 M - a +2 helmet of see invisible (worn)
Jewellery
 A - an uncursed ring of stealth
 E - a ring of stealth (left hand)
 L - the ring of Modesty (right hand) {+Fly rC+ rN+ MR+}
   (You found it in a bailey)

   [ring of protection from magic]

   It protects you from cold.
   It protects you from negative energy.
   It affects your resistance to hostile enchantments.
   It lets you fly.
 N - an uncursed ring of protection from magic
Wands
 d - a wand of iceblast (11)
 k - a wand of clouds (1)
 x - a wand of flame (34)
 D - a wand of random effects (44)
 I - a wand of polymorph (3)
Scrolls
 g - 6 scrolls of remove curse
 l - a scroll of fear
 n - 3 scrolls of teleportation
 s - 6 scrolls of identify
 t - 3 scrolls of enchant weapon
 w - 2 scrolls of fog
 F - 5 scrolls of blinking
Potions
 f - a potion of haste
 i - 3 potions of magic
 p - 2 potions of curing
 r - a potion of flight
 G - 2 potions of cancellation


   Skills:
 + Level 7.7 Fighting
 - Level 5.5 Dodging
 - Level 1.7 Stealth
 * Level 2.5 Shields
 - Level 1.7 Spellcasting
 * Level 8.9 Necromancy
 + Level 4.3 Translocations


You couldn't memorise any spells.
You knew the following spells:

 Your Spells              Type           Power        Failure   Level
a - Pain                  Necr           ####         1%          1
b - Animate Skeleton      Necr           #####.       1%          1
c - Vampiric Draining     Necr           #####.....   2%          3
d - Blink                 Tloc           N/A          9%          2
e - Animate Dead          Necr           #####.....   8%          4

Your spell library contained the following spells:

 Spells                   Type           Power        Failure   Level
 Apportation              Tloc           ###...       5%          1
 Agony                    Necr           #####...     22%         5
 Corona                   Hex            #......      32%         1
 Foxfire                  Conj/Fire      #...         32%         1
 Magic Dart               Conj           #...         32%         1
 Summon Small Mammal      Summ           #...         32%         1
 Call Imp                 Summ           #.......     43%         2
 Slow                     Hex            #.......     43%         2
 Call Canine Familiar     Summ           #.......     67%         3
 Conjure Flame            Conj/Fire      #.......     67%         3
 Inner Flame              Hex/Fire       #.......     67%         3
 Mephitic Cloud           Conj/Pois/Air  #.......     67%         3
 Summon Guardian Golem    Hex/Summ       #.......     67%         3
 Sticky Flame             Conj/Fire      #.......     97%         4
 Summon Ice Beast         Ice/Summ       #.......     97%         4
 Summon Lightning Spire   Summ/Air       #.......     97%         4
 Fireball                 Conj/Fire      #.........   100%        5


Dungeon Overview and Level Annotations

Branches:
Dungeon (9/15)             Temple (0/1) D:4         Ossuary (visited)
 Bailey (visited)
   Lair: D:8-11         Orc: D:9-12

Shops:
D:4 =


Innate Abilities, Weirdness & Mutations

You have an increased reservoir of magic. (+10% MP)
You have sharp toenails.
You are agile. (Dex +2)
Your muscles are strong. (Str +2)


Message History

The floor.
Unknown command.
The two-headed ogre looks more healthy.
You hit the two-headed ogre but do no damage.
The two-headed ogre is poisoned.
The two-headed ogre is severely wounded.
The two-headed ogre misses you.
The two-headed ogre hits you with a +0 giant spiked club!
You hit the two-headed ogre but do no damage.
The two-headed ogre looks as sick as possible!
The two-headed ogre is severely wounded.
The two-headed ogre closely misses you. You block the two-headed ogre's attack.
Press: ? - help, v - describe, . - travel
Here: a two-headed ogre, wielding two +0 giant spiked clubs (severely wounded, extremely poisoned)
The floor.
Unknown command.
The two-headed ogre hits you with a +0 giant spiked club!
* * * LOW HITPOINT WARNING * * *
The two-headed ogre hits you with a +0 giant spiked club!
You die...

###......### #Y. ####.....##
#.. #.>.#..##### #..
#....))....# #..
#.≈≈≈≈≈≈≈..# #..
#.≈##.##≈..# #..
###.≈#...#≈..# ##.. ..
##...≈#.\.#≈..####...
...#####...@≈#...#≈.........
#.........#.O#####≈.......#.
#......<.##.≈≈Y≈≈≈≈......##.
#..####..##.............####
#..########.......# # ##.#
#.##...## #.# #.###..# ###
### #..# ##.#


You could see a two-headed ogre (very poisoned) and a sky beast.

Vanquished Creatures
  Joseph (D:7)
  Prince Ribbit (D:7)
  A hippogriff (D:7)
  A wraith (Ossuary)
  2 yaks
  A wyvern (D:9)
  A water moccasin (D:9)
  Duvessa (D:5)
  An orc warrior (D:6)
  An ice beast (D:6)
  A black bear (D:6)
  A necrophage (D:7)
  4 ogres
  A phantom (D:5)
  2 centaurs (D:6)
  A bullfrog (D:6)
  8 gnoll sergeants (Bailey)
  Dowan (D:5)
  A scorpion (D:5)
  A water moccasin skeleton (D:4)
  3 wights (Ossuary)
  A bullfrog zombie (D:7)
  A jelly (D:7)
  A centaur skeleton (D:5)
  8 hounds
  3 orc priests
  7 gnoll shamans
  4 orc wizards
  3 worker ants
  A killer bee zombie (D:4)
  16 gnolls
  12 adders
  2 white imps (D:5)
  An ufetubus (D:8)
  3 oozes
  An adder skeleton (D:4)
  An adder zombie (Ossuary)
  A worm (D:2)
  2 dart slugs
  3 leopard geckos
  15 orcs
  4 giant cockroaches
  9 goblins
  8 hobgoblins
  12 jackals
  4 quokkas
  2 ball pythons
  A ball python skeleton (Ossuary)
  2 bats
  5 frilled lizards
  2 hobgoblin skeletons (Ossuary)
  2 hobgoblin zombies (Ossuary)
  4 kobolds
  A leopard gecko skeleton (D:4)
  An orc skeleton (Ossuary)
  An orc zombie (Ossuary)
  A quokka skeleton (D:7)
  A quokka zombie (D:6)
  A rat (D:2)
182 creatures vanquished.

Vanquished Creatures (collateral kills)
  4 gnolls (Bailey)
  A worm (D:2)
  A dart slug (D:3)
  2 goblins (D:9)
8 creatures vanquished.

Vanquished Creatures (others)
  2 orcs (D:4)
  A quokka (D:4)
3 creatures vanquished.

Grand Total: 193 creatures vanquished

Notes
Turn   | Place    | Note
-------+----------+-------------------------------------------
     0 | D:1      | MrRokkomies the Demigod Necromancer began the quest for the
                  | Orb.
     0 | D:1      | Reached XP level 1. HP: 14/14 MP: 5/5
   807 | D:1      | Reached XP level 2. HP: 19/22 MP: 7/7
   850 | D:1      | Learned a level 1 spell: Animate Skeleton
  1140 | D:2      | Reached skill level 1 in Fighting
  1142 | D:2      | HP: 1/23 [adder (4)]
  1144 | D:2      | Reached skill level 4 in Necromancy
  1147 | D:2      | Reached XP level 3. HP: 7/28 MP: 0/8
  2142 | D:2      | Reached XP level 4. HP: 33/36 MP: 5/9
  2227 | D:2      | Learned a level 3 spell: Vampiric Draining
  2615 | D:2      | Found an ancient bone altar of Kikubaaqudgha.
  2772 | D:2      | Found a snail-covered altar of Cheibriados.
  3149 | D:3      | Reached XP level 5. HP: 25/42 MP: 0/10
  3445 | D:3      | Reached skill level 5 in Necromancy
  3703 | D:3      | Found a shadowy altar of Dithmenos.
  3840 | D:3      | Found an iron altar of Okawaru.
  4160 | D:4      | Found Coaloses's Jewellery Shop.
  4277 | D:4      | Found a white marble altar of Elyvilon.
  4365 | D:4      | Reached XP level 6. HP: 12/51 MP: 11/11
  4882 | D:4      | Found a staircase to the Ecumenical Temple.
  4910 | D:4      | Found a stormy altar of Qazlal.
  5316 | D:5      | Entered Level 5 of the Dungeon
  5352 | D:5      | Found a shattered altar of Ashenzari.
  5353 | D:5      | Noticed Duvessa
  5354 | D:5      | Noticed Dowan
  5366 | D:5      | Killed Duvessa
  5377 | D:5      | Killed Dowan
  5607 | D:5      | Learned a level 2 spell: Blink
  5658 | D:5      | Reached XP level 7. HP: 24/60 MP: 0/12
  5706 | D:5      | Reached skill level 6 in Necromancy
  5949 | D:5      | Reached skill level 1 in Translocations
  6678 | D:5      | Reached skill level 5 in Fighting
  7276 | D:6      | Reached XP level 8. HP: 36/69 MP: 2/13
  7440 | D:6      | Found a sparkling altar of Nemelex Xobeh.
  7476 | D:6      | Found an opulent altar of Gozag.
  7668 | D:6      | Reached skill level 7 in Necromancy
  8845 | D:7      | Noticed a hippogriff
  8856 | D:7      | Killed a hippogriff
  9072 | D:7      | Noticed Joseph
  9091 | D:7      | Killed Joseph
  9091 | D:7      | Reached skill level 5 in Dodging
  9345 | D:7      | Found a hide-covered altar of Uskayaw.
  9348 | D:7      | Noticed a +0 hand axe
  9348 | D:7      | Noticed a +0 dagger
  9417 | D:7      | Found a basalt altar of Yredelemnul.
  9457 | D:7      | Noticed Prince Ribbit
  9476 | D:7      | Killed Prince Ribbit
  9476 | D:7      | Reached XP level 9. HP: 52/78 MP: 0/14
 10026 | D:7      | Found a glowing golden altar of the Shining One.
 10085 | D:7      | Reached skill level 8 in Necromancy
 10515 | D:8      | Found a sand-covered staircase.
 10523 | Ossuary  | Entered an ossuary
 10998 | Ossuary  | Gained mutation: You have sharp toenails. [potion of
                  | mutation]
 10998 | Ossuary  | Gained mutation: You are agile. (Dex +2) [potion of
                  | mutation]
 10998 | Ossuary  | Gained mutation: Your muscles are strong. (Str +2) [potion
                  | of mutation]
 12034 | D:9      | Noticed a two-headed ogre
 12059 | D:9      | Reached skill level 1 in Shields
 12202 | D:9      | Found a flagged portal.
 12219 | Bailey   | Entered a bailey
 12350 | Bailey   | Learned a level 4 spell: Animate Dead
 12912 | Bailey   | Got a faintly glowing tin ring
 13348 | Bailey   | Identified the ring of Modesty {+Fly rC+ rN+ MR+} (You
                  | found it in a bailey)
 13966 | D:9      | Slain by a two-headed ogre

Illustrated notes

Levels and vault maps discovered:
D:1:      scummos_arrival_simple_crosswalls, layout_basic
D:2:      layout_basic, cheibriados_altar_1, lemuel_doored_altar
D:3:      layout_rooms, grunt_dithmenos_smoke_and_mirrors,
          kennysheep_okawaru_gauntlet
D:4:      layout_loops_corners, grunt_qazlal_clouds, elyvilon_altar_4,
          minmay_temple_entry_glassed_door, serial_shops, shop_coins
D:5:      layout_basic, nicolae_overflow_crystal_walls, uniq_duvessa
D:6:      layout_cave_pods, grunt_gozag_statues, kennysheep_little_box,
          minmay_a_box_with_orc_wizards_in_it
D:7:      layout_layer_cave, yredelemnul_altar_generic,
          nicolae_tso_swordbearing_angel, dancing_weapons_uskayaw, uniq_joseph,
          uniq_prince_ribbit1
D:8:      layout_gridville, enter_ossuary_5, minivault_10
D:9:      layout_layer_cave, david_orc_1_choice, enter_bailey_3, serial_shops,
          nicolae_shop_behind_doors, nicolae_ru_path_of_blood, uniq_erolcha

Skill      XL: |  1  2  3  4  5  6  7  8  9 |
---------------+----------------------------+-----
Dodging        | 2 3 4 5 |  5.5
Fighting       | 1 2 3 4 5 6 7 |  7.7
Necromancy     | 4 5 6 7 8 |  8.9
Translocations | 2 3 4 |  4.3
Shields        | 2 |  2.5
Stealth        | |  1.7
Spellcasting   | |  1.7

Action                   |  1- 3 |  4- 6 |  7- 9 || total
-------------------------+-------+-------+-------++-------
Melee: Short sword       |    47 |   166 |   307 ||   520
       Morningstar       |       |    59 |       ||    59
       Long sword        |       |       |   120 ||   120
       Spear             |       |       |   124 ||   124
 Fire: Hunting sling     |       |       |     1 ||     1
Throw: Javelin           |       |     6 |     9 ||    15
       Dart              |       |       |    17 ||    17
       Throwing net      |       |       |     1 ||     1
 Cast: Pain              |    29 |    37 |   105 ||   171
       Animate Skeleton  |     1 |     6 |     4 ||    11
       Vampiric Draining |       |     7 |    24 ||    31
       Animate Dead      |       |       |     7 ||     7
       Blink             |       |       |     3 ||     3
Evoke: Wand              |       |       |     5 ||     5
  Use: Scroll            |     3 |    11 |     3 ||    17
       Potion            |     1 |     1 |     8 ||    10
 Stab: Sleeping          |     1 |     2 |    14 ||    17
       Confused          |       |       |     1 ||     1
Armor: Robe              |    12 |    72 |       ||    84
       Ring mail         |       |     5 |   192 ||   197
       Skin              |       |       |    34 ||    34
Dodge: Dodged            |    37 |   204 |   371 ||   612
Block: Buckler           |       |       |    34 ||    34
       Rpst.: Long sword |       |       |    32 ||    32

Table legend: (Time is in decaauts)
 A = Elapsed time spent in this place.
 B = Non-inter-level travel time spent in this place.
 C = Inter-level travel time spent in this place.
 D = Time resting spent in this place.
 E = Time spent auto-exploring this place.
 F = Levels seen in this place.
 G = Mean time per level.
                   A        B        C        D        E       F      G
               +--------+--------+--------+--------+--------+-----+--------+
         Total |  14046 |  13802 |    244 |   4787 |   6450 |  11 | 1276.9 |
       Dungeon |  12096 |  11852 |    244 |   3932 |   6001 |   9 | 1344.0 |
       Ossuary |    601 |    601 |      0 |    218 |    139 |   1 |  601.0 |
        Bailey |   1348 |   1348 |      0 |    636 |    310 |   1 | 1348.0 |
               +--------+--------+--------+--------+--------+-----+--------+

Top non-repeatable levels by time:
     D:6: 2025 daAuts
     D:2: 1936 daAuts
     D:7: 1713 daAuts
     D:5: 1426 daAuts
  Bailey: 1348 daAuts
     D:4: 1309 daAuts
     D:1: 1114 daAuts
     D:3: 1001 daAuts
     D:8: 958 daAuts
     D:9: 610 daAuts
 Ossuary: 601 daAuts
